 Seeded DCSS version 0.28-a0-1190-g77e1c55843 (webtiles) character file.

Game seed: 4018878354053487559 (custom seed)

7 croobank the Slinger (level 2, 0/26 HPs)
             Began as a Gnoll Hunter on Dec 18, 2021.
             Slain by a kobold (1 damage)
             ... on level 1 of the Dungeon.
             The game lasted 00:01:33 (279 turns).

croobank the Slinger (Gnoll Hunter)                  Turns: 279, Time: 00:01:34

Health: 0/26       AC:  3    Str: 11    XL:     2   Next: 4%
Magic:  2/2        EV: 12    Int: 10    God:
Gold:   9          SH:  0    Dex: 12    Spells: 1/1 levels left

rFire   . . .      SeeInvis .   b - +0 short sword
rCold   . . .      Faith    .   (no shield)
rNeg    . . .      Spirit   .   c - +0 leather armour
rPois   .          Reflect  .   (no helmet)
rElec   .          Harm     .   (no cloak)
rCorr   .          Rampage  .   (no gloves)
Will    .....                   (no boots)
Stlth   ++........              (no amulet)
HPRegen 0.08/turn               (no ring)
MPRegen 0.08/turn               (no ring)

@: no status effects
A: fangs 1, strong nose, distributed training
a: no special abilities


You were on level 1 of the Dungeon.
You visited 1 branch of the dungeon, and saw 1 of its levels.

You collected 9 gold pieces.

Inventory:

Hand Weapons
 a - a +1 hunting sling
 b - a +0 short sword (weapon)
Missiles
 d - 20 sling bullets
 f - 32 stones (quivered)
 g - 6 boomerangs
Armour
 c - a +0 leather armour (worn)
Scrolls
 e - a scroll of identify {identify, unknown}
Potions
 h - a potion of curing {curing, unknown}


   Skills:
 + Level 4.4 Fighting
 + Level 0.2 Short Blades
 + Level 0.2 Long Blades
 + Level 0.2 Axes
 + Level 0.2 Maces & Flails
 + Level 0.2 Polearms
 + Level 0.2 Staves
 + Level 8.4 Slings
 + Level 0.2 Bows
 + Level 0.2 Crossbows
 + Level 0.2 Throwing
 + Level 0.2 Armour
 + Level 4.4 Dodging
 + Level 2.2 Stealth
 + Level 0.2 Shields
 + Level 0.2 Unarmed Combat
 + Level 0.2 Spellcasting
 + Level 0.1 Conjurations
 + Level 0.1 Hexes
 + Level 0.1 Summonings
 + Level 0.1 Necromancy
 + Level 0.1 Translocations
 + Level 0.1 Transmutations
 + Level 0.1 Fire Magic
 + Level 0.1 Ice Magic
 + Level 0.1 Air Magic
 + Level 0.1 Earth Magic
 + Level 0.1 Poison Magic
 + Level 0.3 Invocations
 + Level 0.2 Evocations


You had one spell level left.
You didn't know any spells.
Your spell library contained the following spells:

 Spells                   Type           Power      Damage    Failure   Level
 Slow                     Hex            0%         N/A       43%         1
 Confusing Touch          Hex            0%         N/A       80%         3
 Vampiric Draining        Necr           0%         2d6       80%         3


Dungeon Overview and Level Annotations

Branches:
Dungeon (1/15)

Altars:


Innate Abilities, Weirdness & Mutations

You have very sharp teeth.
Your uncanny sense of smell can sniff out nearby items.
Your experience applies equally to all skills.


Message History

The bat misses you.
You hit the bat.
The bat is moderately wounded.
The bat barely misses you. x2
The bat barely misses you. The bat hits you but does no damage.
The bat hits you but does no damage.
You hit the bat but do no damage. The bat hits you. The bat barely misses you.
You hit the bat.
The bat is moderately wounded.
The bat hits you but does no damage.
You hit the bat.
You kill the bat!
You have reached level 2!
A kobold comes into view. It is wielding a +2 whip of freezing.
A bat comes into view.
The kobold throws a stone.
The stone barely misses you.
A bat comes into view.
The kobold hits you with a +2 whip of freezing.
The kobold freezes you.
You hit the kobold but do no damage.
The kobold hits you with a +2 whip of freezing.
The kobold freezes you.
The kobold hits you with a +2 whip of freezing.
The kobold freezes you.
You closely miss the kobold. The bat hits you.
* * * LOW HITPOINT WARNING * * *
The kobold hits you with a +2 whip of freezing.
* * * LOW HITPOINT WARNING * * *
The kobold freezes you.
* * * LOW HITPOINT WARNING * * *
The bat hits you.
* * * LOW HITPOINT WARNING * * *
You closely miss the kobold. The bat closely misses you.
The bat hits you but does no damage.
The kobold hits you with a +2 whip of freezing.
* * * LOW HITPOINT WARNING * * *
The kobold freezes you.
You die...

##.............
.........#
#..............
..####.#.. .............
. .#.... #.........#
...#...... ..##....$..##
#..####... ............#
#..# #.... ............#
#.###.... ..#.....b...##
#........ ∆
#.....K@b..#####........
#.................##....
##........##............
##........†.....###....
####....######## #....
#....# #.... #....#
##### #....# #....#


You could see 2 bats and a kobold.

Vanquished Creatures
  A bat (D:1)
  An endoplasm (D:1)
  A hobgoblin (D:1)
  2 kobolds (D:1)
  2 rats (D:1)
7 creatures vanquished.

Notes
Turn   | Place    | Note
-------+----------+-------------------------------------------
     0 | D:1      | croobank the Gnoll Hunter began the quest for the Orb.
     0 | D:1      | Reached XP level 1. HP: 20/20 MP: 1/1
   269 | D:1      | Reached XP level 2. HP: 25/26 MP: 2/2
   279 | D:1      | HP: 1/26 [kobold (2)]
   279 | D:1      | Slain by a kobold

Illustrated notes

Levels and vault maps discovered:
D:1:      psy_arrival_conway, layout_rooms

Action                   || total
-------------------------++-------
Melee: Short sword       ||    28
       Bite              ||     1
 Stab: Sleeping          ||     1
Armor: Leather armour    ||    11
Dodge: Dodged            ||    27

Table legend: (Time is in decaauts)
 A = Elapsed time spent in this place.
 B = Non-inter-level travel time spent in this place.
 C = Inter-level travel time spent in this place.
 D = Time resting spent in this place.
 E = Time spent auto-exploring this place.
 F = Levels seen in this place.
 G = Mean time per level.
                   A        B        C        D        E       F      G
               +--------+--------+--------+--------+--------+-----+--------+
         Total |    283 |    283 |      0 |    104 |     93 |   1 |  283.0 |
       Dungeon |    283 |    283 |      0 |    104 |     93 |   1 |  283.0 |
               +--------+--------+--------+--------+--------+-----+--------+

Top non-repeatable levels by time:
     D:1: 283 daAuts
